Map: Blackpink EC

Players

INnoVation - Winner!

  • Race: Terran Terran
  • League: Master
  • Spawn Location: 7:00

Cure

  • Race: Terran Terran
  • League: Master
  • Spawn Location: 1:00

VOD

Have the link to the VOD?

Description

Time

  • Played on: Jan. 31, 2018, 11:10 a.m.
  • Length: 12:19
Show
View Real Time Build Order
Export as new Build Order

INnoVation Terran - Winner!

Build Orders: Gas First Reaper Expand, Reaper Expand, Mech 

Get SALT Encoding   

  12  0:00  SCV  
  13  0:12  SCV  
  14  0:17  Supply Depot  
  14  0:24  SCV  
  14  0:27  Refinery  
  15  0:38  SCV  
  16  0:44  Barracks  
  16  0:51  SCV  
  17  1:03  SCV  
  18  1:15  SCV  
  19  1:30  Orbital Command  
  19  1:31  Reaper  
  20  1:46  Command Center  
  20  1:55  Factory  
  20  2:01  SCV  
  21  2:05  Barracks Reactor  
  21  2:13  SCV  
  22  2:17  Supply Depot  
  22  2:19  Refinery  
  22  2:25  SCV  
  23  2:39  SCV  
  24  2:46  Hellion x2  
  29  2:51  SCV  
  29  3:01  Orbital Command  
  29  3:03  SCV  
  30  3:07  Cyclone x2  
  36  3:15  SCV  
  36  3:18  Barracks Tech Lab  
  37  3:27  SCV x2  
  37  3:34  Supply Depot  
  39  3:39  SCV x2  
  41  3:44  Command Center  
  41  3:51  SCV x2  
  41  3:52  Siege Tank  
  46  3:56  Refinery  
  46  3:59  Refinery  
  46  4:03  SCV  
  46  4:04  SCV  
  46  4:09  Supply Depot  
  48  4:16  SCV x2  
  50  4:20  Factory  
  53  4:24  Siege Tank  
  53  4:28  SCV  
  53  4:31  SCV  
  55  4:34  Barracks Reactor  
  55  4:38  Starport  
  55  4:40  SCV  
  55  4:43  SCV  
  57  4:52  SCV  
  58  4:55  SCV  
  58  4:56  Orbital Command  
  58  4:59  Siege Tank  
  62  5:03  Liberator  
  62  5:04  Liberator, SCV  
  62  5:05  Hellion x2  
  67  5:07  SCV  
  68  5:16  SCV  
  68  5:19  SCV, Supply Depot  
  76  5:22  Orbital Command  
  76  5:28  SCV  
  76  5:35  Supply Depot  
  77  5:40  Armory, Refinery x2  
  77  5:41  SCV x2, Armory  
  79  5:48  SCV  
  80  5:51  Supply Depot  
  80  5:53  SCV  
  80  5:57  SCV, Factory  
  82  6:00  SCV  
  82  6:03  Viking  
  85  6:05  SCV  
  85  6:06  Viking  
  85  6:07  Supply Depot  
  88  6:11  SCV  
  88  6:12  SCV  
  88  6:17  SCV  
  91  6:21  Siege Tank  
  91  6:24  SCV x2  
  96  6:29  SCV  
  96  6:30  Terran Vehicle Weapons Level 1, Terran Vehicle And Ship Armor Level 1  
  96  6:31  Supply Depot  
  97  6:36  Hellion  
  97  6:37  Hellion  
  97  6:38  Viking  
  97  6:39  Viking  
  105  6:44  SCV x3  
  108  6:51  Factory Tech Lab  
  102  6:54  Factory  
  102  6:55  Factory  
  102  6:56  SCV x3  
  102  6:59  Siege Tank  
  108  7:03  Hellion x2  
  108  7:08  Viking  
  114  7:09  Viking  
  114  7:14  Supply Depot x2  
  116  7:16  Supply Depot  
  116  7:18  SCV  
  117  7:30  Starport  
  117  7:31  Starport  
  117  7:32  Fusion Core  
  117  7:35  SCV x2  
  119  7:38  Viking  
  119  7:39  Viking  
  119  7:42  Command Center  
  123  7:45  Factory Tech Lab, Factory Reactor  
  123  7:50  Supply Depot  
  120  7:52  Siege Tank x2  
  120  7:56  Hellion x2  
  130  8:01  Supply Depot  
  130  8:03  Supply Depot  
  130  8:10  Starport Tech Lab, Viking x2  
  130  8:11  Starport Reactor  
  134  8:16  Supply Depot  
  134  8:18  Supply Depot  
  134  8:19  SCV x3  
  137  8:29  Siege Tank x2  
  137  8:30  Viking  
  143  8:36  SCV x3  
  143  8:37  Terran Ship Weapons Level 1, Terran Vehicle And Ship Armor Level 2  
  146  8:45  Refinery  
  146  8:46  Refinery  
  146  8:48  SCV x2  
  146  8:49  SCV  
  149  8:57  Liberator, Viking x3  
  149  9:06  Barracks  
  149  9:07  Liberator  
  149  9:13  Liberator, Advanced Ballistics, Engineering Bay  
  149  9:14  Liberator  
  158  9:17  Hellion x4  
  158  9:21  Liberator  
  168  9:40  Hellion x4  
  174  9:48  Infernal Pre-Igniter  
  174  9:53  Orbital Command  
  174  9:55  Sensor Tower  
  172  10:00  Viking  
  170  10:13  Viking  
  172  10:14  Liberator x2, Command Center  
  172  10:19  Viking  
  172  10:20  Viking, Starport x2  
  172  10:31  Command Center  
  178  10:42  Hellion x2  
  186  10:43  Hellion x2  
  186  10:47  Viking  
  186  10:49  Viking  
  186  11:08  Starport Reactor  
  186  11:10  Starport Reactor  
  182  11:11  Viking  
  182  11:14  Viking x2  
  182  11:17  Viking  
  173  11:26  Hellion x3  
  173  11:27  Supply Depot  
  173  11:28  Hellion  
  173  11:29  Supply Depot  
  173  11:30  Supply Depot x2, Siege Tank  
  176  11:33  Viking  
  174  11:40  Refinery  
  174  11:41  Viking  
  174  11:44  Viking x2, Refinery  
  180  11:47  Viking  
  180  11:53  Hellion x3  
  180  11:54  Hellion  
Show
View Real Time Build Order
Export as new Build Order

Cure Terran 

Build Orders: Reaper Expand, Mech 

Get SALT Encoding   

  12  0:00  SCV  
  13  0:12  SCV  
  14  0:17  Supply Depot  
  14  0:24  SCV  
  15  0:39  SCV  
  15  0:40  Barracks  
  16  0:43  Refinery  
  16  0:51  SCV  
  17  1:03  SCV  
  18  1:15  SCV  
  19  1:27  Reaper, Orbital Command  
  20  1:42  Command Center  
  20  1:53  Supply Depot  
  20  1:55  SCV  
  20  1:59  Marine  
  22  2:07  SCV  
  23  2:11  Factory  
  23  2:19  SCV  
  23  2:20  Refinery  
  23  2:21  Barracks Reactor  
  24  2:31  SCV  
  25  2:43  SCV  
  26  2:55  SCV  
  27  3:01  Hellion x2  
  27  3:03  Orbital Command  
  31  3:08  SCV  
  32  3:13  Supply Depot  
  32  3:20  SCV  
  32  3:22  Cyclone x2  
  39  3:28  SCV  
  39  3:32  SCV  
  41  3:38  Supply Depot  
  41  3:40  SCV  
  42  3:44  SCV  
  43  3:48  Command Center  
  43  3:53  SCV  
  43  3:56  SCV  
  43  4:00  Cyclone  
  43  4:01  Cyclone  
  50  4:06  SCV  
  50  4:07  Barracks Tech Lab  
  50  4:08  SCV  
  52  4:12  Refinery  
  52  4:13  Refinery  
  52  4:17  Supply Depot  
  52  4:18  SCV  
  52  4:20  SCV  
  54  4:30  SCV  
  55  4:32  SCV  
  55  4:35  Factory  
  56  4:42  Siege Tank  
  56  4:43  SCV  
  56  4:44  SCV  
  61  4:48  Starport, Barracks Reactor  
  61  4:55  SCV  
  61  4:56  SCV  
  63  5:00  Orbital Command  
  63  5:07  SCV  
  63  5:08  SCV  
  65  5:14  Siege Tank  
  65  5:19  SCV, Orbital Command  
  65  5:20  Hellion x2  
  65  5:21  SCV  
  74  5:23  Supply Depot  
  74  5:24  Supply Depot  
  74  5:31  SCV  
  74  5:33  SCV  
  76  5:35  Viking  
  76  5:36  Viking  
  80  5:43  Refinery  
  80  5:44  SCV  
  80  5:45  SCV x2, Hellion x2  
  80  5:47  Refinery  
  87  5:51  Supply Depot  
  87  5:53  Supply Depot  
  90  5:59  SCV x2  
  90  6:00  SCV  
  93  6:07  Viking  
  93  6:10  Viking  
  97  6:14  SCV x3  
  100  6:21  Siege Tank  
  100  6:24  Armory x2  
  98  6:26  SCV x2  
  100  6:33  SCV  
  100  6:38  SCV x2, Viking  
  102  6:45  SCV  
  102  6:46  Supply Depot x2  
  103  6:50  SCV x2  
  103  6:52  Viking  
  103  6:53  Siege Tank  
  108  7:00  Liberator  
  108  7:03  SCV x3  
  108  7:04  Liberator  
  108  7:05  Factory  
  111  7:11  Hellion x2  
  115  7:19  Terran Vehicle Weapons Level 1, Terran Vehicle And Ship Armor Level 1  
  121  7:24  SCV x3  
  121  7:25  Siege Tank  
  127  7:31  Factory x2  
  127  7:32  Infernal Pre-Igniter  
  127  7:34  Hellion x2  
  131  7:39  SCV x2  
  131  7:43  Supply Depot  
  131  7:44  Supply Depot  
  133  7:55  Factory Tech Lab  
  133  8:04  Viking x2  
  133  8:05  SCV, Siege Tank, Hellion x2  
  144  8:07  Supply Depot x2, Command Center  
  145  8:15  Siege Tank  
  145  8:16  Factory Tech Lab, Factory Reactor  
  146  8:26  Hellion x2  
  144  8:34  Viking x2  
  144  8:37  Siege Tank  
  151  8:46  Siege Tank  
  151  8:48  Siege Tank  
  157  8:49  Hellion x2  
  157  8:52  Supply Depot x3  
  157  8:53  SCV x3  
  155  9:04  Viking x2  
  155  9:09  Hellion x2  
  163  9:13  Siege Tank  
  166  9:18  Terran Vehicle Weapons Level 2, Siege Tank, Hellion  
  166  9:20  Siege Tank  
  166  9:23  Terran Vehicle And Ship Armor Level 2  
  172  9:25  Refinery  
  172  9:27  Refinery  
  172  9:30  Orbital Command  
  172  9:33  Engineering Bay  
  172  9:36  Viking, Hellion x3  
  172  9:38  Viking  
  182  9:45  Siege Tank  
  187  9:52  Hellion  
  187  9:53  Hellion x2  
  183  10:06  Viking  
  179  10:08  Viking, Starport  
  179  10:09  Starport  
  179  10:14  Thor  
  181  10:15  Hellion x4  
  195  10:42  Command Center  
  195  10:56  Siege Tank  
  198  11:00  Siege Tank x2  
  195  11:06  Viking x2  
  195  11:07  Starport Reactor x2  
  154  11:36  Viking x2  
  166  11:40  SCV x4  
  126  12:07  Missile Turret  
Tags
 
Add a new tag
Caveats
  • Supply blocks, unpowered buildings, or Contaminate may cause inaccurate times.
  • Supply counts are checked every 10 seconds.